 Dungeon Sprint DCSS version 0.31-a0-7-g51783674b7 (webtiles) character file.

Game seed: 14805006136526983043

25 sircluck the Trooper (level 3, 0/36 HPs)
             Began as a Hill Orc Fighter on May 5, 2023.
             Slain by a water elemental (15 damage)
             ... in the Dungeon (Sprint III: "The Ten Rune Challenge").
             The game lasted 00:00:41 (181 turns).

sircluck the Trooper (Hill Orc Fighter)              Turns: 181, Time: 00:00:42

Health: 0/36       AC:  7    Str: 20    XL:     3   Next: 6%
Magic:  3/3        EV:  9    Int:  8    God:
Gold:   43         SH:  4    Dex: 10    Spells: 2/2 levels left

rFire   . . .        a - +0 war axe
rCold   . . .        c - +0 buckler
rNeg    . . .        b - +0 scale mail
rPois   .            (no helmet)
rElec   .            (no cloak)
rCorr   .            (no gloves)
SInv    .            (no boots)
Will    .....        (no amulet) Stlth
                     (no ring)
HPRegen 0.26/turn    (no ring)
MPRegen 0.08/turn

%: no teleportation
@: mighty, engulfed (cannot breathe)
A: no striking features
a: no special abilities


You were in the Dungeon.
You visited 1 branch You collected 43 gold pieces.

Inventory:

Hand Weapons
 a - a +0 war axe (weapon)
Armour
 b - a +0 scale mail (worn)
 c - a +0 buckler (worn)
Scrolls
 j - a scroll of blinking
 k - a scroll of enchant weapon {unknown}
 l - 2 scrolls of immolation {unknown}
 m - a scroll of identify {unknown}
 o - a scroll of torment {unknown}
Potions
 e - a potion of curing
 f - a potion of heal wounds
 g - a potion of haste
 h - 2 potions of magic
 i - a potion of berserk rage
 n - 4 potions of flight


   Skills:
 + Level 5.2 Fighting
 + Level 4.2 Axes
 + Level 4.6 Armour
 + Level 0.4 Dodging
 + Level 4.3 Shields


You had 2 spell levels left.
You didn't know any spells.
Your spell library was empty.

Dungeon Overview and Level Annotations

Branches:
Dungeon (1/1)

Altars:


Message History

You closely miss the phantom. You block the phantom's attack.
The phantom misses you.
You slash the phantom!
You destroy the phantom!
You have reached level 3!
Your experience leads to an increase in your attributes!
Increase (S)trength, (I)ntelligence, or (D)exterity?
You feel stronger. x2
You open the door.
A water elemental comes into view.
You close the door.
You open the door.
There is an open door here.
You now have 27 gold pieces (gained 12).
l - a scroll labelled FECIXU ZUEDU;
m - a scroll labelled JECIESAECYD
n - 2 potions of flight
Things that are here:
a potion of mutation; 2 potions of mutation
o - a scroll labelled YMURUO JOEVU
l - 2 scrolls labelled FECIXU ZUEDU (gained 1)
n - 4 potions of flight (gained 2)
Things that are here:
a potion of mutation; a potion of mutation You now have 43 gold pieces (gained 16).
There is an open door here.
You open the door.
A water elemental is nearby!
You feel very mighty all of a sudden.
You slash the water elemental!
The water elemental is heavily damaged.
The water elemental hits you!
You hit the water elemental.
The water elemental is severely damaged.
The water elemental hits you!
The water elemental engulfs you in water!
You barely miss the water elemental.
The water elemental is severely damaged.
Your lungs strain for air!
The water elemental hits you!
You die...

▓▓▓▓▓▓▓▓ ▓▓▓ <..#...####
##.# ...#......#####..#
..##...†...#!!#..#
##.##.##...#..#..###+#+#
##.##.###..##'#..#......
#.####.##..###...E.⌠....
.###..##..####..@#...###
#.....##..###....# ⌠.#
###..##...##.....# .#
##..##....#......# #
#..###..##.#.....# #..#
#..#####....# ▓▓▓▓ ▓▓▓▓
▓▓▓▓▓▓


You could see a water elemental.

Vanquished Creatures
  A human (D)
  A phantom (D)
  4 rats (D)
6 creatures vanquished.

Notes
Turn   | Place    | Note
-------+----------+-------------------------------------------
     0 | D        | sircluck the Hill Orc Fighter began the quest for the Orb.
     0 | D        | Reached XP level 1. HP: 19/19 MP: 1/1
    10 | D        | Reached skill level 4 in Fighting
    86 | D        | Reached skill level 5 in Fighting
    86 | D        | Reached XP level 2. HP: 16/29 MP: 2/2
   152 | D        | Reached XP level 3. HP: 36/36 MP: 3/3
   158 | D        | Noticed a water elemental
   181 | D        | Slain by a water elemental

Illustrated notes

Levels and vault maps discovered:
D:        dungeon_sprint_mu [sprint_mu_entry_cave, sprint_mu_temple_rooms,
          sprint_mu_d1_spiders, sprint_mu_d2_genie, sprint_mu_d3_branching,
          sprint_mu_orc_legion, sprint_mu_elf_gauntlet, sprint_mu_hive_nellie,
          sprint_mu_lair_fedhas, sprint_mu_vaults_butterflies,
          sprint_mu_slime_circle, sprint_mu_shoals_kraken,
          sprint_mu_snake_twists, sprint_mu_blade_basic, sprint_mu_crypt_lich,
          sprint_mu_tomb_spiral, sprint_mu_vestibule_basic,
          sprint_mu_gehenna_hellfire, sprint_mu_dis_giant,
          sprint_mu_tartarus_statrot, sprint_mu_cocytus_islands, sprint_mu_zot1]

Skill      XL: |  1 |
---------------+----+-----
Fighting       | 5 |  5.2
Axes           | 4 |  4.2
Armour         | 4 |  4.6
Shields        | 4 |  4.3
Dodging        | |  0.4

Action                     || total
---------------------------++-------
  Melee: War axe           ||    32
    Use: Potion            ||     1
 Armour: Scale mail        ||    11
  Dodge: Dodged            ||    14
  Block: Buckler           ||     9

Table legend: (Time is in decaauts)
 A = Elapsed time spent in this place.
 B = Non-inter-level travel time spent in this place.
 C = Inter-level travel time spent in this place.
 D = Time resting spent in this place.
 E = Time spent auto-exploring this place.
 F = Levels seen in this place.
 G = Mean time per level.
                   A        B        C        D        E       F      G
               +--------+--------+--------+--------+--------+-----+--------+
         Total |    193 |    193 |      0 |      0 |    100 |   1 |  193.0 |
       Dungeon |    193 |    193 |      0 |      0 |    100 |   1 |  193.0 |
               +--------+--------+--------+--------+--------+-----+--------+

Top non-repeatable levels by time:
       D: 193 daAuts
